 Dungeon Crawl Stone Soup version 0.30.0 (webtiles) character file.

Game seed: 10293088351735223058

109 Firecrotchwizard the Poker (level 4, -6/37 HPs)
             Began as a Merfolk Monk on May 7, 2023.
             Mangled by a sleepcap (11 damage)
             ... on level 4 of the Dungeon.
             The game lasted 00:05:32 (2312 turns).

Firecrotchwizard the Poker (Merfolk Monk)           Turns: 2312, Time: 00:05:32

Health: -6/37      AC:  7    Str: 11    XL:     4   Next: 89%
Magic:  4/4        EV:  2    Int:  9    God:
Gold:   307        SH:  0    Dex: 24    Spells: 3/3 levels left

rFire   . . .        a - +0 spear
rCold   . . .        d - orb {light}
rNeg    . . .        q - +0 ring mail
rPois   .            r - +0 helmet
rElec   .            (no cloak)
rCorr   +            (no gloves)
SInv    .            k - +0 pair of boots
Will    .....        (no amulet)
Stlth   +            j - ring of resist corrosion
HPRegen 0.26/turn    t - +6 ring of dexterity
MPRegen 0.09/turn

%: no passive effects
@: sleeping, glowing
A: (nimble swimmer 2), mertail
a: no special abilities


You were on level 4 of the Dungeon.
You visited 1 branch of the dungeon, and saw 4 of its levels.

You collected 307 gold pieces.

Inventory:

Hand Weapons
 a - a +0 spear (weapon)
 g - a +1 double sword of electrocution
Missiles
 h - 4 poisoned darts (quivered)
Armour
 b - a +0 robe
 d - an orb of light (worn)
 k - a +0 pair of boots (worn)
 q - a +0 ring mail (worn)
 r - a +0 helmet (worn)
Jewellery
 j - a ring of resist corrosion (left hand)
 t - a +6 ring of dexterity (right hand)
 x - a ring of protection from fire
Scrolls
 e - 5 scrolls of identify {unknown}
 f - 3 scrolls of teleportation {unknown}
 s - a scroll of butterflies {unknown}
 v - a scroll of vulnerability {unknown}
 w - a scroll of poison {unknown}
 y - a scroll of torment {unknown}
 z - a scroll of silence {unknown}
 A - a scroll of magic mapping {unknown}
Potions
 c - a potion of ambrosia
 i - a potion of degeneration {unknown}
 l - 2 potions of heal wounds {unknown}
 m - 2 potions of cancellation {unknown}
 n - 2 potions of curing {unknown}
 o - 2 potions of haste {unknown}
 p - 2 potions of flight {unknown}
 u - a potion of lignification {unknown}


   Skills:
 + Level 4.1 Fighting
 * Level 5.8 Polearms
 + Level 5.0 Dodging


You had 3 spell levels left.
You didn't know any spells.
Your spell library contained the following spells:

 Spells                   Type           Power      Damage    Failure   Level
 Sting                    Tmut/Pois      0%         1d3       69%         1
 Poisonous Vapours        Pois/Air       0%         N/A       83%         2
 Olgreb's Toxic Radiance  Pois           0%         N/A       100%        4


Dungeon Overview and Level Annotations

Branches:
Dungeon (4/15)
 Temple: D:4-7

Altars:
The Shining One

Annotations:
D:3 3 runed translucent doors, Kuronicle's ghost, amateur DsBe; wolfgangpup's ghost, amateur OgHW


Innate Abilities, Weirdness & Mutations

((You are very nimble when in or above water. (Stealth+, EV+, Speed+++)))
Your lower body shifts to a powerful aquatic tail in water.


Message History

You kill the iguana!
Your Dodging skill increases to level 5!
No target in view!
You climb downwards.
The sleepcap releases spores at you but does no damage.
There is a stone staircase leading up here.
You hit the sleepcap but do no damage. The sleepcap releases spores at you.
You are engulfed in a cloud of soporific spores!
You fall asleep.
The sleepcap releases spores at you!
You wake up.
* * * LOW HITPOINT WARNING * * *
You are too injured to fight recklessly!
You are too injured to fight recklessly!
You are too injured to fight recklessly!
You are too injured to fight recklessly!
You hit the sleepcap but do no damage. The sleepcap misses you.
You hit the sleepcap but do no damage. The sleepcap barely misses you.
You hit the sleepcap.
The sleepcap is lightly damaged.
The sleepcap closely misses you.
You hit the sleepcap but do no damage.
The sleepcap is lightly damaged.
You hit the sleepcap but do no damage.
The sleepcap is lightly damaged.
The sleepcap misses you.
You hit the sleepcap.
The sleepcap is moderately damaged.
The sleepcap releases spores at you but does no damage.
You hit the sleepcap.
The sleepcap is heavily damaged.
The sleepcap releases spores at you but does no damage.
You hit the sleepcap but do no damage.
The sleepcap is heavily damaged.
The sleepcap closely misses you.
You hit the sleepcap but do no damage.
The sleepcap is heavily damaged.
You hit the sleepcap.
The sleepcap is heavily damaged.
The sleepcap misses you.
You hit the sleepcap but do no damage.
The sleepcap is heavily damaged.
The sleepcap releases spores at you.
* * * LOW HITPOINT WARNING * * *
You hit the sleepcap but do no damage.
The sleepcap is heavily damaged.
The sleepcap closely misses you.
You hit the sleepcap but do no damage.
The sleepcap is heavily damaged.
The sleepcap releases spores at you but does no damage.
Unknown command.
You completely miss the sleepcap.
The sleepcap is heavily damaged.
You hit the sleepcap but do no damage.
The sleepcap is heavily damaged.
The sleepcap releases spores at you.
* * * LOW HITPOINT WARNING * * *
You hit the sleepcap but do no damage.
The sleepcap is heavily damaged.
The sleepcap barely misses you.
Unknown command.
You hit the sleepcap but do no damage.
The sleepcap is heavily damaged.
The sleepcap closely misses you.
Unknown command.
You hit the sleepcap but do no damage.
The sleepcap is heavily damaged.
The sleepcap barely misses you.
You hit the sleepcap.
The sleepcap is severely damaged.
You hit the sleepcap.
The sleepcap is severely damaged.
The sleepcap releases spores at you.
* * * LOW HITPOINT WARNING * * *
You hit the sleepcap.
The sleepcap is severely damaged.
The sleepcap releases spores at you but does no damage.
Unknown command.
You hit the sleepcap.
The sleepcap is almost destroyed.
The sleepcap closely misses you.
You hit the sleepcap.
The sleepcap is almost destroyed.
The sleepcap barely misses you.
You hit the sleepcap but do no damage.
The sleepcap is almost destroyed.
The sleepcap completely misses you.
You hit the sleepcap but do no damage.
The sleepcap is almost destroyed.
You hit the sleepcap but do no damage.
The sleepcap is almost destroyed.
The sleepcap barely misses you.
You hit the sleepcap.
The sleepcap is almost destroyed.
The sleepcap releases spores at you.
* * * LOW HITPOINT WARNING * * *
You are engulfed in a cloud of soporific spores!
You fall asleep.
The sleepcap barely misses you. The sleepcap releases spores at you!
You die...

#[.#....###
#..........
+..........
#..).....
+....... .
#.....##...
#......#
#?@f...#
#..............
#...........<..
#..............
#..............
...............
...............
...............


You could see a sleepcap.

Vanquished Creatures
  An iguana (D:3)
  2 adders
  A worm (D:3)
  A dart slug (D:2)
  An orc (D:3)
  6 bats
  6 endoplasms
  A giant cockroach (D:2)
  3 goblins
  6 hobgoblins
  4 jackals (D:2)
  2 quokkas
  5 ball pythons
  5 frilled lizards
  8 kobolds
  4 rats
56 creatures vanquished.

Notes
Turn   | Place    | Note
-------+----------+-------------------------------------------
     0 | D:1      | Firecrotchwizard the Merfolk Monk began the quest for the
                  | Orb.
     0 | D:1      | Reached XP level 1. HP: 18/18 MP: 1/1
   311 | D:1      | Reached XP level 2. HP: 21/24 MP: 2/2
   826 | D:2      | Reached XP level 3. HP: 24/29 MP: 3/3
  1006 | D:2      | Reached skill level 5 in Polearms
  1522 | D:3      | Found a glowing golden altar of the Shining One.
  1529 | D:3      | Reached XP level 4. HP: 32/37 MP: 4/4
  1863 | D:3      | Found a faded altar of an unknown god.
  2096 | D:3      | Found a runed translucent gate.
  2097 | D:3      | Found a runed translucent gate.
  2097 | D:3      | Found a runed translucent gate.
  2098 | D:3      | Noticed Kuronicle's ghost (amateur DsBe)
  2098 | D:3      | Noticed wolfgangpup's ghost (amateur OgHW)
  2280 | D:3      | Reached skill level 5 in Dodging
  2312 | D:4      | Mangled by a sleepcap

Illustrated notes

Levels and vault maps discovered:
D:1:      dpeg_arrival_court, layout_basic
D:2:      minmay_general_purpose_star, layout_basic, st_stairs_1,
          minmay_ruptured
D:3:      layout_loops_ring, nicolae_overflow_hidden_temple, tso_metal_star,
          gammafunk_ghost_cemetery,
          hellmonk_ecumenical_altar_pennies_from_heaven
D:4:      layout_basic, uniq_grinder, uniq_sigmund

Skill      XL: |  1  2  3  4 |
---------------+-------------+-----
Polearms       | 5 |  5.8
Fighting       | 4 |  4.1
Dodging        | 5 |  5.0

Action                     |  1- 3 |  4- 6 || total
---------------------------+-------+-------++-------
  Melee: Spear             |   135 |    80 ||   215
 Armour: Robe              |    21 |       ||    21
         Ring mail         |    17 |    16 ||    33
  Dodge: Dodged            |    62 |    29 ||    91
